 Dungeon Crawl Stone Soup version 0.18-a0-1805-g8ab820f (webtiles) character file.

88 Zhenya25pyc the Shield-Bearer (level 4, 0/29 HPs)
             Began as a Gargoyle Fighter on Apr 26, 2016.
             Slain by a gnoll
             ... wielding a +0 spear
              (2 damage)
             ... on level 3 of the Dungeon.
             The game lasted 00:03:16 (1531 turns).

Zhenya25pyc the Shield-Bearer (Gargoyle Fighter)    Turns: 1531, Time: 00:03:17

Health: 0/29       AC: 15    Str: 21    XL:     4   Next: 54%
Magic:  4/4        EV:  7    Int:  3    God:
Gold:   80         SH:  9    Dex:  9    Spells: 0 memorised, 3 levels left

rFire  . . .     SeeInvis .     a - +0 flail
rCold  . . .     Gourm    .     b - +0 scale mail
rNeg   + . .     Faith    .     c - +0 shield
rPois  ∞         Spirit   .     (no helmet)
rElec  +         Dismiss  .     m - +0 cloak
rCorr  .         Reflect  .     e - +1 pair of gloves
SustAt .         Harm     .     p - +0 pair of boots
MR     .....                    (no amulet)
Stlth  ..........               (no ring)
                                l - -5 ring of intelligence (curse)

@: not resistant to hostile enchantments, extremely unstealthy
A: negative energy resistance 1, electricity resistance, unbreathing,
petrification resistance, rot immunity, AC +3
a: no special abilities


You were on level 3 of the Dungeon.
You were not hungry.

You visited 1 branch of the dungeon, and saw 3 of its levels.

You collected 80 gold pieces.

Inventory:

Hand Weapons
 a - a +0 flail (weapon)
Armour
 b - a +0 scale mail (worn)
 c - a +0 shield (worn)
 e - a +1 pair of gloves (worn)
 m - a +0 cloak (worn)
 p - a +0 pair of boots (worn)
Jewellery
 l - a cursed -5 ring of intelligence (left hand)
Scrolls
 h - a scroll of remove curse {unknown}
 i - a scroll of recharging {unknown}
 j - a scroll of identify {unknown}
 k - 3 scrolls of enchant weapon {unknown}
 n - a scroll of enchant armour {unknown}
 r - a scroll of teleportation {unknown}
Potions
 d - a potion of might
 o - a potion of lignification {unknown}
 q - a potion of cancellation {unknown}
Comestibles
 f - 2 bread rations
 g - a beef jerky


   Skills:
 + Level 3.8 Fighting
 * Level 3.2 Maces & Flails
 + Level 3.8 Armour
 + Level 3.9 Shields


You had 3 spell levels left.
You didn't know any spells.

Dungeon Overview and Level Annotations

Branches:
Dungeon (3/15)

Altars:
Dithmenos
Makhleb
The Shining One


Innate Abilities, Weirdness & Mutations

You are resistant to torment.
Your stone body is resilient (AC +3).
You are immune to poison.
You resist negative energy.
You are resistant to electric shocks.
You can survive without breathing.
You are immune to petrification.
You are immune to rotting.


Message History

You are too injured to fight recklessly!
You block the gnoll's attack. The gnoll hits you but does no damage.
You are too injured to fight recklessly!
You are too injured to fight recklessly!
You are too injured to fight recklessly!
You are too injured to fight recklessly!
You are too injured to fight recklessly!
You closely miss the gnoll.
The gnoll is severely wounded.
The gnoll hits you with a flail.
* * * LOW HITPOINT WARNING * * *
The gnoll closely misses you. You block the gnoll's attack.
The gnoll closely misses you.
You are too injured to fight recklessly!
You are too injured to fight recklessly!
You hit the gnoll.
You kill the gnoll!
The gnoll hits you but does no damage.
The gnoll hits you from afar with a spear.
You die...

#... #...# #####
#...# #...# #...#
#...# #...# #...#
#...# #)@.#
#...###.g.####
+...'..g.......
#...####....... #
##§#....+........
#.##.§.#..##........
#.#§#.#§#.##........
#.§§._§§§.##........
#.#§#§#§### .......


You could see 2 gnolls.

Vanquished Creatures
  2 gnolls (D:3)
  2 adders
  A worm (D:2)
  A dart slug (D:2)
  3 giant geckos
  2 bats (D:2)
  2 giant cockroaches (D:1)
  5 goblins
  7 hobgoblins
  3 jackals (D:1)
  A quokka (D:3)
  4 giant newts
  4 kobolds
  7 rats
44 creatures vanquished.

Notes
Turn   | Place    | Note
--------------------------------------------------------------
     0 | D:1      | Zhenya25pyc the Gargoyle Fighter began the quest for the Orb.
     0 | D:1      | Reached XP level 1. HP: 14/14 MP: 1/1
    86 | D:1      | Found a glowing golden altar of the Shining One.
   105 | D:1      | Reached XP level 2. HP: 17/19 MP: 2/2
   390 | D:1      | Reached XP level 3. HP: 23/23 MP: 3/3
   729 | D:2      | Found a burning altar of Makhleb.
  1153 | D:3      | Reached XP level 4. HP: 26/29 MP: 4/4
  1506 | D:3      | Found a shadowy altar of Dithmenos.
  1531 | D:3      | Slain by a gnoll

Vault maps used:
D:1:      tarquinn_simple_flora_water_f, st_stairs_4,
          minmay_misc_feat_four_crosses, minmay_misc_feat_enclosed, tso_altar
D:2:      overflow_temple_1_default
D:3:      grunt_dithmenos_smoke_and_mirrors

Skill      XL: |  1  2  3 |
---------------+----------+-----
Maces & Flails | 3 |  3.2
Fighting       | |  3.8
Armour         | |  3.8
Shields        | |  3.9

Action                   |  1- 3 |  4- 6 || total
-------------------------+-------+-------++-------
Melee: Flail             |   148 |    26 ||   174
  Eat: Chunk             |     1 |     1 ||     2
Armor: Scale mail        |    82 |    21 ||   103
Dodge: Dodged            |    48 |     7 ||    55
Block: Shield            |    85 |    13 ||    98
